 Dungeon Crawl Stone Soup version 0.21.1-1-g345015fe64 (webtiles) character file.

166 NullDivider the Charlatan (level 5, -5/26 HPs)
             Began as a Spriggan Artificer on June 1, 2018.
             Slain by a centaur skeleton (7 damage)
             ... on level 4 of the Dungeon.
             The game lasted 00:08:03 (4661 turns).

NullDivider the Charlatan (Spriggan Artificer)      Turns: 4661, Time: 00:08:03

Health: -5/26      AC:  2    Str:  8    XL:     5   Next: 22%
Magic:  9/9        EV: 19    Int: 13    God:
Gold:   171        SH:  0    Dex: 17    Spells: 4/4 levels left

rFire    . . .     SeeInvis +   a - +0 short sword
rCold    . . .     Gourm    .   (shield restricted)
rNeg     . . .     Faith    .   b - +0 robe
rPois    .         Spirit   .   (helmet restricted)
rElec    .         Reflect  .   (no cloak)
rCorr    .         Harm     .   (gloves unavailable)
MR       .....                  (boots unavailable)
Stlth    +++.......             (no amulet)
HPRegen  0.08/turn              (no ring)
MPRegen  0.11/turn              (no ring)

@: very quick
A: very small, unfitting armour, see invisible, herbivore, speed 3, slow
metabolism 2
a: no special abilities


You were on level 4 of the Dungeon.
You were near starving.

You visited 1 branch of the dungeon, and saw 4 of its levels.

You collected 171 gold pieces.

Inventory:

Hand Weapons
 a - a +0 short sword (weapon)
Missiles
 l - 176 stones (quivered)
Armour
 b - a +0 robe (worn)
Wands
 c - a wand of flame (13)
 d - a wand of enslavement (15)
 e - a wand of random effects (10)
 q - a wand of polymorph (5)
Scrolls
 h - 3 scrolls of remove curse
 j - a scroll of blinking {unknown}
 m - 7 scrolls of identify
 p - a scroll of enchant armour {unknown}
 r - 3 scrolls of fog {unknown}
 s - 2 scrolls of fear {unknown}
 t - a scroll of amnesia {unknown}
 v - 3 scrolls of teleportation {unknown}
Potions
 g - a potion of brilliance {unknown}
 i - a potion of magic {unknown}
 k - a potion of mutation {unknown}
 n - 4 potions of heal wounds
 o - a potion of might {unknown}
 u - a potion of ambrosia {unknown}
Comestibles
 f - 5 rations


   Skills:
 * Level 2.2 Fighting
 * Level 3.1 Short Blades
 + Level 4.0 Dodging
 + Level 3.3 Stealth
 + Level 4.7 Evocations


You had 4 spell levels left.
You didn't know any spells.

Dungeon Overview and Level Annotations

Branches:
Dungeon (4/15)
 Temple: D:4-7

Altars:
Nemelex Xobeh
Okawaru

Shops:
D:4 %

Annotations:
D:4 Blork the orc


Innate Abilities, Weirdness & Mutations

You are very small and have problems with some larger weapons.
You are too small for most types of armour.
You have supernaturally acute eyesight. (SInv)
You are a herbivore.
You cover ground extremely quickly.
You need consume almost no food.


Message History

Aim: Blork the orc, wielding a glaive and wearing an embroidered robe (almost dead) Blork the orc appears confused.
You completely miss Blork the orc.
Blork the orc is almost dead.
A centaur skeleton comes into view.
You hit Blork the orc but do no damage.
Blork the orc is almost dead.
You hit Blork the orc.
Blork the orc is almost dead.
You hit Blork the orc.
Blork the orc is almost dead.
The centaur skeleton hits you.
You hit Blork the orc but do no damage.
Blork the orc is almost dead.
The centaur skeleton hits you.
* * * LOW HITPOINT WARNING * * *
You hit Blork the orc.
Blork the orc is almost dead.
The centaur skeleton hits you!
You die...

#### ....###
.......######
............#
............#
%......o@...############
###.....Z...............
######............#
#............#
#............#
#............#
#............#
#............#
....>.........#


You could see Blork the orc (confused) and a centaur skeleton.

Vanquished Creatures
  Terence (D:2)
  7 adders
  An ooze (D:3)
  An adder zombie (D:2)
  3 leopard geckos
  A ball python (D:1)
  10 bats
  5 giant cockroaches
  4 goblins
  6 hobgoblins
  5 jackals
  A quokka (D:3)
  8 frilled lizards
  8 kobolds
  9 rats
70 creatures vanquished.

Notes
Turn   | Place    | Note
-------+----------+-------------------------------------------
     0 | D:1      | NullDivider the Spriggan Artificer began the quest for the Orb.
     0 | D:1      | Reached XP level 1. HP: 9/9 MP: 4/4
   182 | D:1      | Reached skill level 1 in Fighting
   395 | D:1      | Reached XP level 2. HP: 14/14 MP: 6/6
  1367 | D:1      | Reached XP level 3. HP: 17/18 MP: 7/7
  1940 | D:2      | Noticed Terence
  1994 | D:2      | Killed Terence
  1994 | D:2      | Reached XP level 4. HP: 15/23 MP: 8/8
  3107 | D:3      | Found an iron altar of Okawaru.
  3136 | D:3      | Found a sparkling altar of Nemelex Xobeh.
  3856 | D:3      | Reached XP level 5. HP: 13/26 MP: 9/9
  4200 | D:4      | Found Cino's Food Boutique.
  4635 | D:4      | Noticed Blork the orc
  4661 | D:4      | Slain by a centaur skeleton

Skill      XL: |  1  2  3  4  5 |
---------------+----------------+-----
Fighting       | 1 2 |  2.2
Stealth        | 2 3 |  3.3
Short Blades   | 2 3 |  3.1
Dodging        | 4 |  4.0
Evocations     | |  4.7

Action                   |  1- 3 |  4- 6 || total
-------------------------+-------+-------++-------
Melee: Short sword       |   179 |   191 ||   370
Evoke: Wand              |     2 |     5 ||     7
  Use: Scroll            |       |     2 ||     2
 Stab: Sleeping          |     8 |     5 ||    13
       Confused          |     3 |       ||     3
Armor: Robe              |    13 |    22 ||    35
       Skin              |    24 |       ||    24
Dodge: Dodged            |   151 |   197 ||   348
